 Dungeon Crawl Stone Soup version 0.29-a0-330-g52719c12eb (webtiles) character file.

Game seed: 2091158756208652334

430 aaabbb the Caller (level 6, 0/44 HPs)
             Began as a Demonspawn Summoner on Apr 12, 2022.
             Was a Believer of Makhleb.
             Slain by a scorpion (3 damage)
             ... on level 5 of the Dungeon on Apr 15, 2022.
             The game lasted 00:10:31 (5451 turns).

aaabbb the Caller (Demonspawn Summoner)             Turns: 5451, Time: 00:10:31

Health: 0/44       AC:  3    Str:  8    XL:     6   Next: 66%
Magic:  7/10       EV: 12    Int: 16    God:    Makhleb [**....]
Gold:   224        SH:  0    Dex: 16    Spells: 1/10 levels left

rFire   + . .      SeeInvis .   h - staff of death
rCold   . . .      Faith    +   (no shield)
rNeg    + . .      Spirit   .   l - +0 leather armour
rPois   .          Reflect  .   (no helmet)
rElec   .          Harm     .   (no cloak)
rCorr   .          Rampage  .   (no gloves)
Will    .....                   (no boots)
Stlth   ++........              e - amulet of faith
HPRegen 0.14/turn               k - ring of protection from fire
MPRegen 0.12/turn               (no ring)

@: lethally poisoned (0 -> -5)
A: icemail 1, powered by pain 2, condensation shield
a: Renounce Religion, Minor Destruction


You were on level 5 of the Dungeon.
You worshipped Makhleb.
Makhleb was pleased with you.
You visited 1 branch of the dungeon, and saw 5 of its levels.

You collected 224 gold pieces.

Inventory:

Hand Weapons
 n - a +0 quarterstaff
Armour
 a - a +0 robe
 l - a +0 leather armour (worn)
Magical Staves
 h - a staff of death (weapon)
 p - a staff of conjuration
Jewellery
 e - an amulet of faith (around neck)
 k - a ring of protection from fire (left hand)
Wands
 g - a wand of paralysis (12)
Scrolls
 c - a scroll of silence {unknown}
 d - a scroll of identify {unknown}
 j - a scroll of teleportation {unknown}
 m - a scroll of fog
 o - a scroll of summoning {unknown}


   Skills:
 + Level 2.0 Fighting
 + Level 1.5 Staves
 + Level 1.8 Armour
 + Level 2.7 Dodging
 - Level 1.7 Stealth
 + Level 2.9 Spellcasting
 + Level 1.0 Hexes
 + Level 4.7 Summonings
 + Level 2.0 Necromancy
 + Level 2.2 Invocations
 + Level 1.6 Evocations


You had one spell level left.
You knew the following spells:

 Your Spells              Type           Power      Damage    Failure   Level
a - Summon Small Mammal   Summ           68%        N/A       3%          1
b - Call Imp              Summ           17%        N/A       6%          2
c - Call Canine Familiar  Summ           17%        N/A       12%         3
d - Inner Flame           Hex/Fire       4%         N/A       54%         3

Your spell library contained the following spells:

 Spells                   Type           Power      Damage    Failure   Level
 Foxfire                  Conj/Fire      8%         2x1d4     26%         1
 Freeze                   Ice            8%         1d3       26%         1
 Summon Guardian Golem    Hex/Summ       11%        N/A       24%         3
 Conjure Flame            Conj/Fire      2%         6-21      63%         3
 Frozen Ramparts          Ice            4%         1d2       63%         3
 Summon Lightning Spire   Summ/Air       9%         N/A       69%         4
 Flame Wave               Conj/Fire      2%         2d4       95%         4
 Hailstorm                Conj/Ice       2%         3d3       95%         4


Dungeon Overview and Level Annotations

Branches:
Dungeon (5/15)
 Temple: D:4-7

Altars:
Kikubaaqudgha
Makhleb


Innate Abilities, Weirdness & Mutations

A meltable icy envelope protects you from harm. (AC +0)
You sometimes gain power by taking damage.
A meltable shield of frost defends you. (SH +0)


Message History

Your white imp gestures at the scorpion.
The puff of frost hits the scorpion.
Things that are here:
a +0 dagger; a +0 robe; an orc corpse You feel sick.
The orc wizard hits you with a +0 dagger.
Your white imp hits the scorpion but does no damage.
You see here an adder corpse.
The scorpion attacks as you move away! The scorpion stings you.
You are more poisoned.
The scorpion poisons you!
You feel very sick.
Your white imp hits the scorpion.
Your white imp freezes the scorpion.
The scorpion stings your white imp.
There is a stone staircase leading up, spattered with blood here.
You hit the scorpion but do no damage.
The scorpion writhes in agony.
The scorpion is severely wounded.
You feel very sick.
The scorpion stings you but does no damage.
Your white imp gestures at the scorpion.
The puff of frost hits the scorpion.
You barely miss the scorpion.
The scorpion is severely wounded.
You feel sick. The scorpion stings you.
* * * LOW HITPOINT WARNING * * *
The orc wizard hits you with a +0 dagger.
* * * LOW HITPOINT WARNING * * *
Your white imp hits the scorpion but does no damage.
Magic courses through your body.
* * * LOW HITPOINT WARNING * * *
You feel sick. The scorpion stings you.
* * * LOW HITPOINT WARNING * * *
The orc wizard closely misses you.
Your white imp gestures at the scorpion.
The puff of frost misses the scorpion.
Casting: Call Imp (safe; 6% risk of failure)
Confirm with . or Enter, or press ? or * to list all spells.
* * * LOW HITPOINT WARNING * * *
You feel sick. The scorpion stings you.
You die...

#$........
#.........
#.........
#.........
#......[..
#.........
#########.........
##.....h@s)........
.......).o5........
##..<....(.........
#.................
#.................
...................
...................
...................
..................


You could see a scorpion (ally target), an orc wizard, a friendly hound
(summoned) and a friendly white imp (summoned).

Vanquished Creatures
  A water moccasin (D:3)
  3 adders
  3 orcs
  3 ball pythons
  4 bats
  3 endoplasms
  A giant cockroach (D:1)
  A goblin (D:1)
  2 hobgoblins (D:4)
  3 jackals (D:4)
  A quokka (D:4)
  3 frilled lizards
  A kobold (D:3)
  A rat (D:3)
30 creatures vanquished.

Vanquished Creatures (collateral kills)
  An ogre (D:4)
  A bullfrog (D:4)
  An iguana (D:5)
  An orc wizard (D:5)
  An adder (D:3)
  An ufetubus (D:5)
  A worm (D:2)
  5 orcs
  2 ball pythons
  4 endoplasms
  A goblin (D:3)
  2 hobgoblins
  2 jackals (D:1)
  A bat (D:2)
  2 rats
26 creatures vanquished.

Grand Total: 56 creatures vanquished

Notes
Turn   | Place    | Note
-------+----------+-------------------------------------------
     0 | D:1      | aaabbb the Demonspawn Summoner began the quest for the Orb.
     0 | D:1      | Reached XP level 1. HP: 13/13 MP: 3/3
   634 | D:1      | Gained mutation: You sometimes gain a little power by
                  | taking damage. [demonic ancestry]
   634 | D:1      | Reached XP level 2. HP: 20/20 MP: 1/5
  1518 | D:2      | Reached skill level 1 in Fighting
  1642 | D:2      | Gained mutation: A meltable shield of frost defends you.
                  | (SH +0) [demonic ancestry]
  1642 | D:2      | Reached XP level 3. HP: 23/26 MP: 4/6
  2242 | D:2      | Learned a level 2 spell: Call Imp
  2246 | D:2      | Learned a level 3 spell: Call Canine Familiar
  2487 | D:2      | Found a faded altar of an unknown god.
  2504 | D:2      | Prayed at the altar of an unknown god.
  2504 | D:2      | Became a worshipper of Makhleb the Destroyer
  2504 | D:2      | Reached * piety under Makhleb
  3111 | D:3      | Noticed a water moccasin
  3125 | D:3      | Killed a water moccasin
  3126 | D:3      | Reached skill level 1 in Armour
  3126 | D:3      | Reached skill level 1 in Necromancy
  3126 | D:3      | Reached skill level 1 in Invocations
  3126 | D:3      | Reached skill level 1 in Evocations
  3126 | D:3      | Reached XP level 4. HP: 13/32 MP: 2/7
  3126 | D:3      | Gained mutation: You sometimes gain power by taking damage.
                  | [demonic ancestry]
  3126 | D:3      | Reached XP level 5. HP: 15/37 MP: 2/8
  3130 | D:3      | Reached skill level 1 in Staves
  3723 | D:3      | Learned a level 3 spell: Inner Flame
  4170 | D:4      | Found an ancient bone altar of Kikubaaqudgha.
  4230 | D:4      | Noticed an ogre
  4252 | D:4      | Killed an ogre
  4253 | D:4      | Gained mutation: A meltable icy envelope protects you from
                  | harm. (AC +0) [demonic ancestry]
  4253 | D:4      | Reached XP level 6. HP: 20/44 MP: 1/10
  4961 | D:4      | Reached ** piety under Makhleb
  5256 | D:5      | Entered Level 5 of the Dungeon
  5445 | D:5      | Reached skill level 1 in Hexes
  5451 | D:5      | Slain by a scorpion

Illustrated notes

Levels and vault maps discovered:
D:1:      mrwooster_arrival_statue_2, layout_loops_corners,
          serial_co_window_serial, co_window_paths_a, co_window_paths_a,
          co_window_paths_b, co_window_corner_a, co_window_of_opportunity_a,
          co_window_of_opportunity_b, co_window_unsneaky_path_a,
          co_window_corner_b, co_window_broadway_b, co_window_2corner,
          co_window_corner_ca, co_window_of_opportunity_b, glass_columns_c,
          glass_columns_a, glass_columns_b, glass_columns_a, glass_columns_b
D:2:      layout_basic, ebering_ecumenical_altar_sacrificial,
          corexii_item_surrounded_by_moat
D:3:      layout_basic
D:4:      layout_gridville, overflow_temple_1_default
D:5:      layout_basic, lemuel_coloured_pillars_altar, marbit_many_paths,
          mainiacjoe_overflow_concentric_impassable, nicolae_ossuary_entry_plus,
          kennysheep_pointless_box

Skill      XL: |  1  2  3  4  5  6 |
---------------+-------------------+-----
Dodging        | 2 |  2.7
Fighting       | 1 2 |  2.0
Armour         | 1 |  1.8
Necromancy     | 1 2 |  2.0
Invocations    | 1 2 |  2.2
Evocations     | 1 |  1.6
Staves         | 1 |  1.5
Hexes          | 1 |  1.0
Stealth        | |  1.7
Spellcasting   | |  2.9
Summonings     | |  4.7

Action                   |  1- 3 |  4- 6 || total
-------------------------+-------+-------++-------
Melee: Unarmed           |    22 |       ||    22
       Staff             |    65 |    98 ||   163
 Cast: Summon Small Mamm |    39 |    22 ||    61
       Call Imp          |     1 |     6 ||     7
       Call Canine Famil |       |     7 ||     7
  Use: Potion            |     1 |     4 ||     5
       Scroll            |     1 |     1 ||     2
 Stab: Sleeping          |     2 |       ||     2
       Distracted        |       |     3 ||     3
Armor: Robe              |    20 |       ||    20
       Leather armour    |     4 |    40 ||    44
Dodge: Dodged            |    62 |    86 ||   148
Block: Other             |     5 |    24 ||    29

Table legend: (Time is in decaauts)
 A = Elapsed time spent in this place.
 B = Non-inter-level travel time spent in this place.
 C = Inter-level travel time spent in this place.
 D = Time resting spent in this place.
 E = Time spent auto-exploring this place.
 F = Levels seen in this place.
 G = Mean time per level.
                   A        B        C        D        E       F      G
               +--------+--------+--------+--------+--------+-----+--------+
         Total |   5475 |   5370 |    105 |    137 |   4550 |   5 | 1095.0 |
       Dungeon |   5475 |   5370 |    105 |    137 |   4550 |   5 | 1095.0 |
               +--------+--------+--------+--------+--------+-----+--------+

Top non-repeatable levels by time:
     D:1: 1496 daAuts
     D:3: 1494 daAuts
     D:4: 1300 daAuts
     D:2: 1139 daAuts
     D:5: 43 daAuts
